 Dungeon Crawl Stone Soup version 0.27.1-1-g398f81649c (webtiles) character file.

Game seed: 1474178232125352568

612 Woods the Digger (level 7, 36/36 HPs)
             Began as a Gargoyle Earth Elementalist on Sept 16, 2021.
             Was an Initiate of Ashenzari.
             Quit the game on level 5 of the Dungeon on Sept 18, 2021.
             The game lasted 00:14:25 (4890 turns).

Woods the Digger (Gargoyle Earth Elementalist)      Turns: 4890, Time: 00:14:26

Health: 36/36      AC:  8    Str: 12    XL:     7   Next: 44%
Magic:  10/10      EV: 11    Int: 17    God:    Ashenzari [......]
Gold:   191        SH:  0    Dex: 10    Spells: 6/10 levels left

rFire    . . .     SeeInvis .   m - +5 short sword (drain)
rCold    . . .     Faith    .   (no shield)
rNeg     + . .     Spirit   .   b - +0 robe
rPois    ∞         Reflect  .   o - +0 helmet
rElec    +         Harm     .   (no cloak)
rCorr    .         Rampage  .   (no gloves)
Will     .....                  e - +0 pair of boots
Stlth    ++........             (no amulet)
HPRegen  0.12/turn              (no ring)
MPRegen  0.12/turn              (no ring)

@: no status effects
A: sickness immunity, AC +4, negative energy resistance 1, electricity
resistance, torment resistance 1, petrification resistance
a: Renounce Religion


You were on level 5 of the Dungeon.
You worshipped Ashenzari.
Ashenzari was noncommittal.
You visited 2 branches of the dungeon, and saw 6 of its levels.
You also visited: Ossuary.

You collected 191 gold pieces.

Inventory:

Hand Weapons
 f - a +0 short sword
 m - a +5 short sword of draining (weapon)
Missiles
 c - 46 stones
Armour
 b - a +0 robe (worn)
 e - a +0 pair of boots (worn)
 n - a +0 animal skin
 o - a +0 helmet (worn)
 s - a +0 buckler
Wands
 l - a wand of polymorph (7)
 w - a wand of iceblast (3)
Scrolls
 i - 3 scrolls of teleportation
 j - 2 scrolls of immolation
 q - a scroll of amnesia
 r - 4 scrolls of fog
 u - a scroll of blinking
 y - a scroll of enchant weapon
Potions
 a - a potion of attraction
 d - a potion of flight
 h - a potion of invisibility
 k - a potion of resistance
 p - a potion of might
 t - a potion of cancellation
 x - a potion of heal wounds
 z - a potion of brilliance


   Skills:
 - Level 1.5 Dodging
 - Level 2.1 Stealth
 - Level 2.0 Spellcasting
 * Level 6.3 Conjurations
 - Level 0.7 Transmutations
 + Level 7.1 Earth Magic


You had 6 spell levels left.
You knew the following spells:

 Your Spells              Type           Power      Damage    Failure   Level
a - Sandblast             Erth           50%        2d12      1%          1
b - Stone Arrow           Conj/Erth      48%        3d10      3%          3

Your spell library contained the following spells:

 Spells                   Type           Power      Damage    Failure   Level
 Passwall                 Tmut/Erth      12%        N/A       6%          2
 Petrify                  Tmut/Erth      15%        N/A       36%         4
 Frozen Ramparts          Ice            2%         1d2       50%         3
 Ozocubu's Armour         Ice            1%         N/A       50%         3
 Ice Form                 Ice/Tmut       2%         N/A       86%         4
 Summon Ice Beast         Ice/Summ       1%         N/A       88%         4
 Ozocubu's Refrigeration  Ice            0%         4d5       100%        7


Dungeon Overview and Level Annotations

Branches:
Dungeon (5/15)             Temple (1/1) D:5         Ossuary (visited)

Altars:
Ashenzari
Cheibriados
Dithmenos
Elyvilon
Fedhas
Gozag
Hepliaklqana
Kikubaaqudgha
Makhleb
Nemelex Xobeh
Okawaru
Ru
Sif Muna
Trog
Uskayaw
Wu Jian
Xom
Yredelemnul
Zin
The Shining One


Innate Abilities, Weirdness & Mutations

You are immune to sickness and miasma.
Your stone body is resilient. (AC +4)
You are immune to poison.
You resist negative energy. (rN+)
You are resistant to electric shocks. (rElec)
You are resistant to unholy torment.
You are immune to petrification.


Message History

Found a white marble altar of Elyvilon.
There is a blossoming altar of Fedhas here.
Done exploring.
Done exploring.
Done exploring.
Done exploring.
There is a sacrificial altar of Ru here.
(D) Dungeon (T) Temple
Where to? (Enter - Temple @ (x,y), ? - help)
Okay, then.
There's nothing to open nearby.
There's nothing to open nearby.
There is a burning altar of Makhleb here.
There is a broken altar of Ashenzari here.
You kneel at the altar of Ashenzari.
Ashenzari welcomes you!
a - a potion of attraction;
g - 3 scrolls of identify
h - a potion of invisibility;
j - 2 scrolls of immolation
k - a potion of resistance;
p - a potion of might;
q - a scroll of amnesia
t - a potion of cancellation;
u - a scroll of blinking;
v - a scroll of noise
x - a potion of heal wounds;
y - a scroll of enchant weapon
z - a potion of brilliance Ashenzari warns you of distant threats and treasures.
Ashenzari reveals the structure of the dungeon to you.
Ashenzari shows you where magical portals lie.
Ashenzari prevents you from stumbling into unseen traps.
Ashenzari identifies your possessions.
Unknown command.
Press < or > to pray at altars.
There's nothing to close nearby.
Unknown command.
Press < or > to pray at altars.
There is a staircase back to the Dungeon here.
You can't go down here!
You climb upwards.
Welcome back to the Dungeon!
There is a staircase to the Ecumenical Temple here.
Drop what? 26/52 slots (_ for help) (? for menu, Esc to quit)
You drop 3 scrolls of identify.
You drop a scroll of noise.
Saving game... please wait.
Welcome back, Woods the Gargoyle Earth Elementalist.
Ashenzari says: Partake of my vision.
Partake of my curse.
Press ? for a list of commands and other information.
Are you sure you want to abandon this character and quit the game? (Confirm with "yes".)

.#################.###########
.# ........#.#..<......#
.########........#.#.#.#..##.#
........+........#.# #.#..##.#
.########........#.# ..#..##.#
.......# ........#.#####..##.#
.#####.# ........#........##.#
.....#.# ........#######...#.#
.###.#.# #+#.@.########.#.# .#
#.# #.#.>..........#.# .# #.#
#.......########.# .# #.#
#.⌠.⌠.⌠.# #.# .# #.# #.8.8.8.#
#.# .# #.# #.......# #.# .#
#.# #.#.#..## #.# .#
#.######.#.#.## #.#
.#####......#.#.... #.#


There were no monsters in sight!

Vanquished Creatures
  Sigmund (D:4)
  2 scorpions (D:5)
  A wyvern skeleton (D:4)
  3 hounds
  A hound skeleton (D:5)
  A mummy (D:4)
  Robin (D:2)
  7 adders
  A shadow imp (D:5)
  A white imp (D:5)
  2 adder skeletons (D:4)
  3 worms
  3 dart slugs
  3 bats
  7 endoplasms
  3 giant cockroaches
  14 goblins
  4 hobgoblins
  4 kobolds
  3 quokkas
  7 ball pythons
  3 frilled lizards
  A rat (D:1)
76 creatures vanquished.

Notes
Turn   | Place    | Note
-------+----------+-------------------------------------------
     0 | D:1      | Woods the Gargoyle Earth Elementalist began the quest for
                  | the Orb.
     0 | D:1      | Reached XP level 1. HP: 10/10 MP: 3/3
   196 | D:1      | Found a faded altar of an unknown god.
   281 | D:1      | Reached skill level 4 in Earth Magic
   396 | D:1      | Reached XP level 2. HP: 15/15 MP: 5/5
  1281 | D:2      | Reached XP level 3. HP: 19/19 MP: 2/6
  1285 | D:2      | Learned a level 3 spell: Stone Arrow
  1357 | D:2      | Reached skill level 5 in Earth Magic
  1382 | D:2      | Reached skill level 1 in Conjurations
  1578 | D:2      | Noticed Robin
  1582 | D:2      | Reached XP level 4. HP: 24/24 MP: 4/7
  1615 | D:2      | Killed Robin
  1818 | D:2      | Found a basalt altar of Yredelemnul.
  2750 | D:4      | Reached XP level 5. HP: 27/28 MP: 8/8
  2804 | D:4      | Noticed Sigmund
  2982 | D:4      | Found a sand-covered staircase.
  3001 | Ossuary  | Entered an ossuary
  3247 | D:4      | Killed Sigmund
  3248 | D:4      | Reached skill level 6 in Earth Magic
  3248 | D:4      | Reached XP level 6. HP: 32/32 MP: 4/9
  3437 | D:4      | Reached skill level 5 in Conjurations
  3661 | D:4      | Found a shimmering altar of Xom.
  3668 | D:4      | Found a hide-covered altar of Uskayaw.
  3668 | D:4      | Found an ancient bone altar of Kikubaaqudgha.
  3668 | D:4      | Found an iron altar of Okawaru.
  3796 | D:5      | Entered Level 5 of the Dungeon
  3858 | D:5      | Reached XP level 7. HP: 21/36 MP: 6/10
  4059 | D:5      | Identified the +7 trident "Giantslayer" {vorpal, +Blink Fly
                  | Str-3}
  4448 | D:5      | Reached skill level 7 in Earth Magic
  4662 | D:5      | Found a staircase to the Ecumenical Temple.
  4683 | Temple   | Entered the Ecumenical Temple
  4868 | Temple   | Became a worshipper of Ashenzari the Shackled
  4890 | D:5      | Quit the game

Illustrated notes

Levels and vault maps discovered:
D:1:      dpeg_arrival_chambers_temple_mockup, layout_loops_ring,
          hellmonk_ecumenical_altar_heavens_door, nrook_campfire
D:2:      layout_loops_ring, basic_altar, uniq_robin
D:3:      layout_basic
D:4:      layout_loops_ring, minitemple, gup_ossuary_entry_pyramid,
          amcnicky_mini_pool_small, uniq_sigmund
D:5:      layout_basic, minmay_temple_entry_drinking_statues, grunt_ministairs_7
Temple:   eino_temple_rhombus

Skill      XL: |  1  2  3  4  5  6  7 |
---------------+----------------------+-----
Earth Magic    | 4 5 6 7 |  7.1
Conjurations   | 1 3 4 5 6 |  6.3
Dodging        | |  1.5
Stealth        | |  2.1
Spellcasting   | |  2.0
Transmutations | |  0.7

Action                   |  1- 3 |  4- 6 |  7- 9 || total
-------------------------+-------+-------+-------++-------
Melee: Short sword       |    36 |    76 |    22 ||   134
 Cast: Sandblast         |    25 |    25 |     9 ||    59
       Stone Arrow       |       |     5 |       ||     5
  Use: Scroll            |       |     2 |       ||     2
       Potion            |       |     1 |       ||     1
 Stab: Sleeping          |       |     8 |       ||     8
Armor: Robe              |    15 |    41 |     2 ||    58
Dodge: Dodged            |    26 |    45 |    22 ||    93
